| TOP OF THE 1ST |
|
Billings Mustangs batting - Pitching for Johnson City Cardinals : RHP Steve Holmes
|
|
Pitching: RHP Steve Holmes
|
|
|
Batting: LHB Jeremy Robertson
|
0-0: Swinging Strike 0-1: Ball 1-1: Swinging Strike 1-2: Strikes out looking
|
|
Batting: LHB Matt Kennedy
|
0-0: Foul Ball, location: 2F 0-1: Ground out 5-3 (Groundball, 56S, EV 86.2 MPH)
|
|
Batting: LHB Brian Dickeson
|
0-0: Ball 1-0: Foul Ball, location: 2F 1-1: DOUBLE (Line Drive, 7LM, EV 101.9 MPH)
|
|
Batting: SHB David Garnica
|
0-0: Ball 1-0: SINGLE (Groundball, 56D, EV 102.5 MPH) Brian Dickeson to third Runner from 3rd tries for Home, SAFE, throw by LF to home
|
|
Batting: RHB Andy Bachman
|
0-0: Called Strike David Garnica steals 2nd base 0-1: Called Strike 0-2: Ball Passed Ball! David Garnica to third 1-2: SINGLE (Groundball, 56S, EV 70.0 MPH) (infield hit) David Garnica scores
|
|
Batting: RHB Yutaka Sato
|
0-0: Ball 1-0: Swinging Strike 1-1: Fly out, F9 (Flyball, 89M, EV 93.8 MPH)
|
| Top of the 1st over - 2 runs, 3 hits, 0 errors, 1 left on base; Billings 2 - Johnson City 0 |
| BOTTOM OF THE 1ST |
|
Johnson City Cardinals batting - Pitching for Billings Mustangs : RHP Larry McPhee
|
|
Pitching: RHP Larry McPhee
|
|
|
Batting: SHB Justin Towry
|
0-0: Called Strike 0-1: Foul Ball, location: 2F 0-2: Ball 1-2: Ball 2-2: Strikes out swinging
|
|
Batting: SHB Gerardo Macias
|
0-0: Ball 1-0: Swinging Strike 1-1: Swinging Strike 1-2: Strikes out looking
|
|
Batting: SHB Justin Houser
|
0-0: DOUBLE (Line Drive, 89D, EV 105.6 MPH)
|
|
Batting: RHB Kyle Burns
|
0-0: Ball 1-0: Foul Ball, location: 2F 1-1: Foul Ball, location: 2F 1-2: Strikes out swinging
|
| Bottom of the 1st over - 0 runs, 1 hit, 0 errors, 1 left on base; Billings 2 - Johnson City 0 |
| TOP OF THE 2ND |
|
Billings Mustangs batting - Pitching for Johnson City Cardinals : RHP Steve Holmes
|
|
Batting: LHB William Matthews
|
0-0: Swinging Strike 0-1: Ground out 6-3 (Groundball, 6, EV 86.2 MPH)
|
|
Batting: SHB Gustavo Froio
|
0-0: Called Strike 0-1: Ball 1-1: Ball 2-1: Swinging Strike 2-2: Fly out, F8 (Flyball, 8LD, EV 91.2 MPH)
|
|
Batting: RHB Mario Gomez
|
0-0: Ball 1-0: Ball 2-0: SINGLE (Groundball, 6MD, EV 96.2 MPH)
|
|
Batting: LHB Jeremy Robertson
|
0-0: Foul Ball, location: 2F 0-1: Ball 1-1: DOUBLE (Line Drive, 9LM, EV 100.6 MPH) Mario Gomez to third Runner from 3rd tries for Home, SAFE, throw by RF to home
|
|
Batting: LHB Matt Kennedy
|
0-0: Called Strike 0-1: 2-RUN HOME RUN (Flyball, 89XD, EV 103.1 MPH), Distance : 416 ft
|
|
Batting: LHB Brian Dickeson
|
0-0: Ball 1-0: Ball 2-0: SOLO HOME RUN (Flyball, 9LD, EV 93.8 MPH), Distance : 338 ft
|
|
Batting: SHB David Garnica
|
0-0: Fly out, F6 (Line Drive, 6M, EV 68.1 MPH)
|
| Top of the 2nd over - 4 runs, 4 hits, 0 errors, 0 left on base; Billings 6 - Johnson City 0 |
| BOTTOM OF THE 2ND |
|
Johnson City Cardinals batting - Pitching for Billings Mustangs : RHP Larry McPhee
|
|
Batting: RHB Tim Williams
|
0-0: Ball 1-0: Ball 2-0: Called Strike 2-1: Called Strike 2-2: Strikes out swinging
|
|
Batting: RHB Adam Hudson
|
0-0: Swinging Strike 0-1: Swinging Strike 0-2: Foul Ball, location: 2F 0-2: Foul Ball, location: 2F 0-2: Fly out, F7 (Flyball, 7LD, EV 103.1 MPH)
|
|
Batting: RHB Geoff Musico
|
0-0: Called Strike 0-1: Called Strike 0-2: Foul Ball, location: 2F 0-2: Ball 1-2: Strikes out swinging
|
| Bottom of the 2nd over - 0 runs, 0 hits, 0 errors, 0 left on base; Billings 6 - Johnson City 0 |
| TOP OF THE 3RD |
|
Billings Mustangs batting - Pitching for Johnson City Cardinals : RHP Steve Holmes
|
|
Batting: RHB Andy Bachman
|
0-0: Reached on error, E5 (Groundball, 5, EV 110.6 MPH)
|
|
Batting: RHB Yutaka Sato
|
0-0: Ball 1-0: Called Strike 1-1: Ball 2-1: Foul Ball, location: 2F 2-2: Ball 3-2: Foul Ball, location: 2F 3-2: 2-RUN HOME RUN (Flyball, 7D, EV 97.5 MPH), Distance : 374 ft
|
|
Pitching: RHP Daniel Boulter
|
|
|
Batting: LHB William Matthews
|
0-0: Swinging Strike 0-1: SOLO HOME RUN (Flyball, 89XD, EV 100.0 MPH), Distance : 415 ft
|
|
Batting: SHB Gustavo Froio
|
0-0: Ball 1-0: Ball 2-0: Ball 3-0: Called Strike 3-1: Base on Balls
|
|
Batting: RHB Mario Gomez
|
0-0: Called Strike 0-1: Ball 1-1: Ball 2-1: Ball 3-1: Base on Balls Gustavo Froio to second
|
|
Batting: LHB Jeremy Robertson
|
0-0: Ball 1-0: Foul Ball, location: 2F 1-1: Ball 2-1: Foul Ball, location: 2F 2-2: Ball 3-2: Foul Ball, location: 2F 3-2: 3-RUN HOME RUN (Flyball, 89XD, EV 110.6 MPH), Distance : 426 ft
|
|
Pitching: RHP Kiyoyuki Abe
|
|
|
Batting: LHB Matt Kennedy
|
0-0: SOLO HOME RUN (Flyball, 9D, EV 96.2 MPH), Distance : 375 ft
|
|
Batting: LHB Brian Dickeson
|
0-0: Ball 1-0: Ground out U3 (Groundball, 3L, EV 99.4 MPH)
|
|
Batting: SHB David Garnica
|
0-0: Ball 1-0: Swinging Strike 1-1: Ball 2-1: SINGLE (Groundball, 3S, EV 66.9 MPH) (infield hit)
|
|
Batting: RHB Andy Bachman
|
0-0: Called Strike 0-1: Swinging Strike 0-2: Fly out, F7 (Flyball, 7LSF, EV 94.4 MPH)
|
|
Batting: RHB Yutaka Sato
|
0-0: Called Strike 0-1: Foul Ball, location: 2F 0-2: Ball 1-2: Ball 2-2: Foul Ball, location: 2F Balk! David Garnica to second 2-2: SINGLE (Groundball, 6MD, EV 100.6 MPH) David Garnica to third Runner from 3rd tries for Home, SAFE, throw by CF to home
|
|
Batting: LHB William Matthews
|
0-0: Called Strike 0-1: Fly out, F8 (Line Drive, 78M, EV 88.8 MPH)
|
| Top of the 3rd over - 8 runs, 6 hits, 1 error, 1 left on base; Billings 14 - Johnson City 0 |
| BOTTOM OF THE 3RD |
|
Johnson City Cardinals batting - Pitching for Billings Mustangs : RHP Larry McPhee
|
|
Batting: RHB Edgar Klockow
|
0-0: Called Strike 0-1: Ball 1-1: Foul Ball, location: 2F 1-2: Ball 2-2: Hit by Pitch
|
|
Batting: LHB Hylnur Albertsson
|
0-0: Called Strike Edgar Klockow steals 2nd base 0-1: Bunted foul 0-2: Bunted foul, Strikeout!
|
|
Batting: SHB Justin Towry
|
0-0: Ball 1-0: Ball 2-0: Ball 3-0: Called Strike 3-1: Swinging Strike 3-2: Strikes out looking
|
|
Batting: SHB Gerardo Macias
|
0-0: Called Strike 0-1: Ball 1-1: Called Strike 1-2: Strikes out swinging
|
| Bottom of the 3rd over - 0 runs, 0 hits, 0 errors, 1 left on base; Billings 14 - Johnson City 0 |
| TOP OF THE 4TH |
|
Billings Mustangs batting - Pitching for Johnson City Cardinals : RHP Kiyoyuki Abe
|
|
Pitching: LHP Heriberto Flores
|
|
|
Batting: SHB Gustavo Froio
|
0-0: Ball 1-0: Foul Ball, location: 2F 1-1: Foul Ball, location: 2F 1-2: Hit by Pitch
|
|
Batting: RHB Mario Gomez
|
0-0: Called Strike 0-1: Ball 1-1: Foul Ball, location: 2F 1-2: Strikes out looking
|
|
Batting: LHB Jeremy Robertson
|
0-0: Called Strike 0-1: Ball 1-1: Ball 2-1: Ball 3-1: Base on Balls Gustavo Froio to second
|
|
Batting: LHB Matt Kennedy
|
0-0: Foul Ball, location: 2F 0-1: Hit by Pitch Gustavo Froio to third Jeremy Robertson to second
|
|
Batting: LHB Brian Dickeson
|
0-0: Ball 1-0: Ball 2-0: Foul Ball, location: 2F 2-1: GRAND SLAM HOME RUN (Flyball, 9D, EV 100.0 MPH), Distance : 383 ft
|
|
Pitching: RHP Mark Rivera
|
|
|
Batting: SHB David Garnica
|
0-0: Ball 1-0: Called Strike 1-1: SINGLE (Line Drive, 9S, EV 105.6 MPH)
|
|
Batting: RHB Andy Bachman
|
0-0: Called Strike 0-1: Swinging Strike 0-2: Foul Ball, location: 2F 0-2: Ball 1-2: Ball 2-2: Ball 3-2: DOUBLE (Line Drive, 89D, EV 108.1 MPH) David Garnica to third Runner from 3rd tries for Home, SAFE, throw by RF to trailing runner, SAFE at third!
|
|
Batting: RHB Yutaka Sato
|
0-0: Called Strike 0-1: Hit by Pitch
|
|
Batting: LHB William Matthews
|
0-0: Called Strike 0-1: Ball 1-1: Fly out, F7 (Flyball, 78M, EV 89.4 MPH)
|
|
Batting: SHB Gustavo Froio
|
0-0: Foul Ball, location: 2F 0-1: Ball Wild Pitch! Andy Bachman scores Yutaka Sato to second 1-1: Foul Ball, location: 2F 1-2: Ball 2-2: Foul Ball, location: 2F 2-2: Ball 3-2: Foul Ball, location: 2F 3-2: SINGLE (Line Drive, 89S, EV 105.6 MPH) Yutaka Sato to third
|
|
Pitching: RHP Francisco Galindo
|
|
|
Batting: RHB Mario Gomez
|
0-0: Ball 1-0: Called Strike 1-1: Called Strike 1-2: Strikes out swinging
|
| Top of the 4th over - 6 runs, 4 hits, 0 errors, 2 left on base; Billings 20 - Johnson City 0 |
| BOTTOM OF THE 4TH |
|
Johnson City Cardinals batting - Pitching for Billings Mustangs : RHP Larry McPhee
|
|
Batting: SHB Justin Houser
|
0-0: Foul Ball, location: 2F 0-1: Ball 1-1: Called Strike 1-2: Foul Ball, location: 2F 1-2: Fly out, F8 (Flyball, 89S, EV 93.1 MPH)
|
|
Batting: RHB Kyle Burns
|
0-0: Ball 1-0: Called Strike 1-1: Called Strike 1-2: Strikes out swinging
|
|
Batting: RHB Tim Williams
|
0-0: Ball 1-0: Called Strike 1-1: Fly out, F8 (Flyball, 8RD, EV 98.1 MPH)
|
| Bottom of the 4th over - 0 runs, 0 hits, 0 errors, 0 left on base; Billings 20 - Johnson City 0 |
| TOP OF THE 5TH |
|
Billings Mustangs batting - Pitching for Johnson City Cardinals : RHP Francisco Galindo
|
|
Batting: LHB Jeremy Robertson
|
0-0: Ball 1-0: Ball 2-0: Ball 3-0: Base on Balls
|
|
Batting: LHB Matt Kennedy
|
0-0: Foul Ball, location: 2F 0-1: Foul Ball, location: 2F 0-2: Foul Ball, location: 2F 0-2: 2-RUN HOME RUN (Flyball, 89XD, EV 106.9 MPH), Distance : 423 ft
|
|
Batting: LHB Brian Dickeson
|
0-0: Called Strike 0-1: Ball 1-1: Ball 2-1: Called Strike 2-2: Foul Ball, location: 2F 2-2: Ball 3-2: Base on Balls
|
|
Pitching: RHP Norietsu Higashi
|
|
|
Batting: SHB David Garnica
|
0-0: Ball 1-0: Fly out, F9 (Line Drive, 89M, EV 90.6 MPH)
|
|
Batting: RHB Andy Bachman
|
0-0: Called Strike 0-1: Ball Passed Ball! Brian Dickeson to second 1-1: Ball 2-1: Ball 3-1: Base on Balls
|
|
Batting: RHB Yutaka Sato
|
0-0: Ball 1-0: Called Strike 1-1: Ball 2-1: Called Strike 2-2: Ball 3-2: Base on Balls Brian Dickeson to third Andy Bachman to second
|
|
Batting: LHB William Matthews
|
0-0: Swinging Strike 0-1: Ball 1-1: Swinging Strike 1-2: Foul Ball, location: 2F 1-2: Strikes out swinging
|
|
Batting: SHB Gustavo Froio
|
0-0: Foul Ball, location: 2F 0-1: SINGLE (Groundball, 34D, EV 108.8 MPH) Brian Dickeson scores Andy Bachman to third Yutaka Sato to second Runner from 3rd tries for Home, throw by RF and OUT! 9-2
|
| Top of the 5th over - 3 runs, 2 hits, 0 errors, 2 left on base; Billings 23 - Johnson City 0 |
| BOTTOM OF THE 5TH |
|
Johnson City Cardinals batting - Pitching for Billings Mustangs : RHP Larry McPhee
|
|
Batting: RHB Adam Hudson
|
0-0: Ball 1-0: Called Strike 1-1: Swinging Strike 1-2: Ball 2-2: Strikes out swinging
|
|
Batting: RHB Geoff Musico
|
0-0: Ball 1-0: Ball 2-0: Swinging Strike 2-1: Swinging Strike 2-2: Strikes out looking
|
|
Batting: RHB Edgar Klockow
|
0-0: Ball 1-0: Called Strike 1-1: Foul Ball, location: 2F 1-2: Ball 2-2: Strikes out looking
|
| Bottom of the 5th over - 0 runs, 0 hits, 0 errors, 0 left on base; Billings 23 - Johnson City 0 |
| TOP OF THE 6TH |
|
Billings Mustangs batting - Pitching for Johnson City Cardinals : RHP Norietsu Higashi
|
|
Batting: RHB Mario Gomez
|
0-0: Fly out, F8 (Flyball, 8RD, EV 85.6 MPH)
|
|
Batting: LHB Jeremy Robertson
|
0-0: Called Strike 0-1: Ball 1-1: Called Strike 1-2: Ball 2-2: Foul Ball, location: 2F 2-2: Foul Ball, location: 2F 2-2: Foul Ball, location: 2F 2-2: Ball 3-2: Foul Ball, location: 2F 3-2: Base on Balls
|
|
Batting: LHB Matt Kennedy
|
0-0: Foul Ball, location: 2F 0-1: Ball 1-1: Foul Ball, location: 2F 1-2: Ball 2-2: Foul Ball, location: 2F 2-2: Fielders Choice at 2nd, 3-6 (Groundball, 34, EV 87.5 MPH)
|
|
Batting: LHB Brian Dickeson
|
0-0: Called Strike 0-1: Ball 1-1: Ball 2-1: Swinging Strike 2-2: Ball 3-2: Base on Balls Matt Kennedy to second
|
|
Batting: SHB David Garnica
|
0-0: 3-RUN HOME RUN (Flyball, 7D, EV 103.8 MPH), Distance : 375 ft
|
|
Batting: RHB Andy Bachman
|
0-0: Ball 1-0: Ball 2-0: TRIPLE (Flyball, 89XD, EV 104.4 MPH)
|
|
Batting: RHB Yutaka Sato
|
0-0: Fly out, F8 (Flyball, 8RD, EV 83.8 MPH)
|
| Top of the 6th over - 3 runs, 2 hits, 0 errors, 1 left on base; Billings 26 - Johnson City 0 |
| BOTTOM OF THE 6TH |
|
Johnson City Cardinals batting - Pitching for Billings Mustangs : RHP Larry McPhee
|
|
Batting: LHB Hylnur Albertsson
|
0-0: Ball 1-0: Ball 2-0: Called Strike 2-1: Foul Ball, location: 2F 2-2: Strikes out swinging
|
|
Pitching: RHP Markus Bevan
|
|
|
Batting: SHB Justin Towry
|
0-0: Foul Ball, location: 2F 0-1: Swinging Strike 0-2: Ball 1-2: Foul Ball, location: 2F 1-2: Ball 2-2: Strikes out swinging
|
|
Batting: SHB Gerardo Macias
|
0-0: Called Strike 0-1: Foul Ball, location: 2F 0-2: Strikes out swinging
|
| Bottom of the 6th over - 0 runs, 0 hits, 0 errors, 0 left on base; Billings 26 - Johnson City 0 |
| TOP OF THE 7TH |
|
Billings Mustangs batting - Pitching for Johnson City Cardinals : RHP Norietsu Higashi
|
|
Pitching: RHP Emmanuel Godfrey
|
|
|
Batting: LHB William Matthews
|
0-0: Ball 1-0: Ball 2-0: Ground out U3 (Groundball, 34, EV 86.9 MPH)
|
|
Batting: SHB Gustavo Froio
|
0-0: Fly out, F9 (Flyball, 9D, EV 100.6 MPH)
|
|
Batting: RHB Mario Gomez
|
0-0: Foul Ball, location: 2F 0-1: Ball 1-1: Called Strike 1-2: Foul Ball, location: 2F 1-2: Strikes out looking
|
| Top of the 7th over - 0 runs, 0 hits, 0 errors, 0 left on base; Billings 26 - Johnson City 0 |
| BOTTOM OF THE 7TH |
|
Johnson City Cardinals batting - Pitching for Billings Mustangs : RHP Markus Bevan
|
|
Batting: SHB Justin Houser
|
0-0: Foul Ball, location: 2F 0-1: Swinging Strike 0-2: Ball 1-2: Ball 2-2: Foul Ball, location: 2F 2-2: Ground out 4-3 (Groundball, 4, EV 89.4 MPH)
|
|
Batting: RHB Kyle Burns
|
0-0: Swinging Strike 0-1: Foul Ball, location: 2F 0-2: Ball 1-2: Ball 2-2: Strikes out swinging
|
|
Pitching: RHP Joe Green
|
|
|
Batting: RHB Tim Williams
|
0-0: Called Strike 0-1: Swinging Strike 0-2: Ball 1-2: Ball 2-2: Strikes out swinging
|
| Bottom of the 7th over - 0 runs, 0 hits, 0 errors, 0 left on base; Billings 26 - Johnson City 0 |
| TOP OF THE 8TH |
|
Billings Mustangs batting - Pitching for Johnson City Cardinals : RHP Emmanuel Godfrey
|
|
Batting: LHB Jeremy Robertson
|
0-0: Ball 1-0: Ground out 4-3 (Groundball, 34, EV 76.9 MPH)
|
|
Batting: LHB Matt Kennedy
|
0-0: Swinging Strike 0-1: Ball 1-1: Called Strike 1-2: Ball 2-2: Ball 3-2: Base on Balls
|
|
Batting: LHB Brian Dickeson
|
0-0: Ball 1-0: Ball 2-0: Foul Ball, location: 2F 2-1: Ball 3-1: Base on Balls Matt Kennedy to second
|
|
Batting: SHB David Garnica
|
0-0: Ball 1-0: Ball 2-0: Called Strike 2-1: Fielders Choice at 2nd, 4-6 (Groundball, 4, EV 85.0 MPH) Matt Kennedy to third
|
|
Pitching: LHP Craig Soole
|
|
|
Batting: RHB Andy Bachman
|
0-0: Called Strike 0-1: SINGLE (Groundball, 6MD, EV 95.0 MPH) Matt Kennedy scores David Garnica to second
|
|
Batting: RHB Yutaka Sato
|
0-0: Swinging Strike 0-1: Reached via error on a dropped throw from 3B, E4 (Groundball, 56, EV 85.6 MPH) David Garnica to third Andy Bachman to second
|
|
Batting: LHB William Matthews
|
0-0: Swinging Strike 0-1: Ball 1-1: Ball 2-1: Ball 3-1: Fly out, F2 (Popup, 2R, EV 95.6 MPH)
|
| Top of the 8th over - 1 run, 1 hit, 1 error, 3 left on base; Billings 27 - Johnson City 0 |
| BOTTOM OF THE 8TH |
|
Johnson City Cardinals batting - Pitching for Billings Mustangs : RHP Joe Green
|
|
Batting: RHB Adam Hudson
|
0-0: Ball 1-0: Foul Ball, location: 2F 1-1: Called Strike 1-2: Ball 2-2: Foul Ball, location: 2F 2-2: Fly out, F8 (Line Drive, 8RM, EV 96.2 MPH)
|
|
Batting: RHB Geoff Musico
|
0-0: Called Strike 0-1: Fly out, F9 (Flyball, 89M, EV 95.0 MPH)
|
|
Batting: RHB Edgar Klockow
|
0-0: Ground out 6-3 (Groundball, 6, EV 89.4 MPH)
|
| Bottom of the 8th over - 0 runs, 0 hits, 0 errors, 0 left on base; Billings 27 - Johnson City 0 |
| TOP OF THE 9TH |
|
Billings Mustangs batting - Pitching for Johnson City Cardinals : LHP Craig Soole
|
|
Batting: SHB Gustavo Froio
|
0-0: Ground out 5-3 (Groundball, 5L, EV 80.6 MPH)
|
|
Batting: RHB Mario Gomez
|
0-0: Swinging Strike 0-1: Ball 1-1: Ground out 4-3 (Groundball, 34, EV 83.8 MPH)
|
|
Batting: LHB Jeremy Robertson
|
0-0: Ball 1-0: Fly out, F9 (Line Drive, 89M, EV 93.1 MPH)
|
| Top of the 9th over - 0 runs, 0 hits, 0 errors, 0 left on base; Billings 27 - Johnson City 0 |
| BOTTOM OF THE 9TH |
|
Johnson City Cardinals batting - Pitching for Billings Mustangs : RHP Joe Green
|
|
Batting: LHB Hylnur Albertsson
|
0-0: Ball 1-0: Ball 2-0: Swinging Strike 2-1: Foul Ball, location: 2F 2-2: Strikes out swinging
|
|
Pitching: RHP Aaron McArdle
|
|
|
Batting: SHB Justin Towry
|
0-0: Ball 1-0: Called Strike 1-1: Foul Ball, location: 2F 1-2: Ball 2-2: Fly out, F7 (Flyball, 7, EV 86.9 MPH)
|
|
Batting: SHB Gerardo Macias
|
0-0: Swinging Strike 0-1: Ball 1-1: Foul Ball, location: 2F 1-2: Strikes out looking
|
| Bottom of the 9th over - 0 runs, 0 hits, 0 errors, 0 left on base; Billings 27 - Johnson City 0 |
|